 Dungeon Crawl Stone Soup version 0.19.4-10-g532645f (webtiles) character file.

1554 aptinyple the Magician (level 8, -1/46 HPs)
             Began as a Gargoyle Earth Elementalist on Feb 11, 2017.
             Was a Follower of Okawaru.
             Slain by a seven-headed hydra (12 damage)
             ... on level 6 of the Dungeon on Feb 24, 2017.
             The game lasted 01:06:49 (6381 turns).

aptinyple the Magician (GrEE)                       Turns: 6381, Time: 01:06:51

Health: -1/46      AC: 10    Str: 12 (13) XL:     8   Next: 88%
Magic:  18/27      EV: 12    Int: 19      God:    Okawaru [*.....]
Gold:   198        SH:  0    Dex: 10      Spells: 4 memorised, 9 levels left

rFire  + . .     SeeInvis .     l - +0 quarterstaff
rCold  . . .     Gourm    .     c - +0 robe
rNeg   + . .     Faith    .     (shield currently unavailable)
rPois  ∞         Spirit   .     a - +1 helmet
rElec  +         Reflect  .     h - +0 cloak
rCorr  .         Harm     .     (no gloves)
MR     .....                    (no boots)
Stlth  ++........               (no amulet)
                                r - ring of magical power
                                n - ring of protection from fire

@: no status effects
A: clever 1, negative energy resistance 1, electricity resistance, unbreathing,
petrification resistance, rot immunity, AC +5
a: Heroism, Renounce Religion


You were on level 6 of the Dungeon.
You worshipped Okawaru.
Okawaru was aware of your devotion.
You were not hungry.

You visited 1 branch of the dungeon, and saw 6 of its levels.

You collected 198 gold pieces.

Inventory:

Hand Weapons
 l - a +0 quarterstaff (weapon)
Missiles
 t - 154 stones (quivered)
Armour
 a - a +1 helmet (worn)
 c - a +0 robe (worn)
 h - a +0 cloak (worn)
Jewellery
 n - a ring of protection from fire (left hand)
 r - a ring of magical power (right hand)
Wands
 f - a wand of teleportation (3/9)
Scrolls
 g - 4 scrolls of teleportation
 i - a scroll of magic mapping {unknown}
 p - 2 scrolls of remove curse
 u - 2 scrolls of identify
Potions
 k - 6 potions of curing
 m - 2 potions of haste
 o - a potion of heal wounds
 q - a potion of ambrosia {unknown}
 w - a potion of agility {unknown}
Books
 e - a book of Geomancy

   Spells                             Type                      Level
   a - Sandblast                      Earth                        1
   b - Passwall                       Transmutation/Earth          2
   c - Stone Arrow                    Conjuration/Earth            3
   d - Petrify                        Transmutation/Earth          4
   e - Lee's Rapid Deconstruction     Earth                        5
Comestibles
 b - 2 beef jerkies
 d - 3 bread rations
 j - 10 fruits
 s - 2 meat rations
 v - 3 chunks of flesh


   Skills:
 - Level 3.3 Fighting
 - Level 1.9 Armour
 - Level 1.5 Dodging
 - Level 2.1 Stealth
 * Level 6.6 Spellcasting
 - Level 5.8 Conjurations
 - Level 0.7 Transmutations
 * Level 6.6 Earth Magic


You had 9 spell levels left.
You knew the following spells:

 Your Spells              Type           Power        Failure   Level  Hunger
a - Sandblast             Erth           ####..       1%          1    None
b - Stone Arrow           Conj/Erth      ####..       2%          3    ##.....
c - Lee's Rapid Deconstr  Erth           ####......   21%         5    #####..
d - Passwall              Tmut/Erth      ###.......   4%          2    None


Dungeon Overview and Level Annotations

Branches:
Dungeon (6/15)
 Temple: D:4-7

Altars:
Ashenzari
Okawaru
Ru
Yredelemnul
The Shining One

Annotations:
D:5 1 runed door


Innate Abilities, Weirdness & Mutations

You are resistant to torment.
Your stone body is resilient. (AC +5)
You are immune to poison.
You resist negative energy. (rN+)
You are resistant to electric shocks. (rElec)
You can survive without breathing.
You are immune to petrification.
You are immune to rotting.
Your mind is acute. (Int +2)


Message History

Casting: Stone Arrow
Confirm with . or Enter, or press ? or * to list all spells.
Aiming: Stone Arrow
Press: ? - help, Shift-Dir - straight line, f/p - seven-headed hydra
Aim: a seven-headed hydra (moderately wounded)
The stone arrow hits the seven-headed hydra.
The seven-headed hydra is heavily wounded.
The seven-headed hydra bites you! The seven-headed hydra bites you.
The seven-headed hydra closely misses you.
The seven-headed hydra bites you but does no damage. x2
The seven-headed hydra completely misses you.
The seven-headed hydra bites you!
The seven-headed hydra bites you but does no damage.
The seven-headed hydra bites you!
* * * LOW HITPOINT WARNING * * *
The seven-headed hydra closely misses you.
The seven-headed hydra bites you.
* * * LOW HITPOINT WARNING * * *
The seven-headed hydra bites you!
You die...

#.##....#.##...#.....#
#
#.#.....#.##)###...###
#
#.#.....#.#........###
#
#.#.#.#.#.#..####..#.#
#
#.#.#.#.#..........#.#
#
#...#.............##.#
#
#..##.##############.#
# #..##.#.....# #.# #
#..##.#.###@###### #.#
# #.....#..#..D....#
#.#######
#.######.#########
#........ #.# #....#
######### #.# #.####
#.###.# #.....#
#######


You could see a seven-headed hydra.

Vanquished Creatures
  Grinder (D:3)
  Sigmund (D:2)
  2 ogres
  2 scorpions
  A bullfrog zombie (D:5)
  4 howler monkeys
  A crimson imp (D:5)
  5 orc priests
  An orc wizard (D:4)
  A jelly (D:5)
  Jessica (D:3)
  A bullfrog skeleton (D:5)
  3 centaur skeletons
  Ijyb (D:3)
  A worker ant (D:6)
  A hound zombie (D:5)
  10 gnolls
  12 adders
  A shadow imp (D:6)
  2 oozes (D:4)
  3 worms (D:3)
  A dart slug (D:4)
  3 leopard geckos
  14 orcs
  7 bats
  12 giant cockroaches
  8 goblins
  8 hobgoblins
  5 jackals
  6 kobolds
  5 frilled lizards
  3 rats (D:3)
127 creatures vanquished.

Notes
Turn   | Place    | Note
-------+----------+-------------------------------------------
     0 | D:1      | aptinyple the Gargoyle Earth Elementalist began the quest for the Orb.
     0 | D:1      | Reached XP level 1. HP: 10/10 MP: 3/3
   274 | D:1      | Reached XP level 2. HP: 15/15 MP: 1/5
   762 | D:2      | Found a shattered altar of Ashenzari.
   867 | D:2      | Reached XP level 3. HP: 20/20 MP: 2/7
  1010 | D:2      | Learned a level 3 spell: Stone Arrow
  1014 | D:2      | Reached skill level 1 in Conjurations
  1116 | D:2      | Noticed Sigmund
  1147 | D:2      | Killed Sigmund
  1147 | D:2      | Reached XP level 4. HP: 24/24 MP: 2/8
  1147 | D:2      | Reached XP level 5. HP: 28/28 MP: 2/9
  1442 | D:2      | Upgraded the game from 0.19.4-8-ga85b6b9 to 0.19.4-10-g532645f
  1526 | D:3      | Noticed Ijyb
  1527 | D:3      | Reached skill level 1 in Fighting
  1545 | D:3      | Killed Ijyb
  1545 | D:3      | Reached XP level 6. HP: 34/34 MP: 2/10
  1625 | D:3      | Noticed Jessica
  1626 | D:3      | Killed Jessica
  1715 | D:3      | Noticed Grinder
  1746 | D:3      | Paralysed by Grinder for 4 turns
  1753 | D:3      | Killed Grinder
  1753 | D:3      | Reached skill level 1 in Armour
  1753 | D:3      | Reached XP level 7. HP: 15/40 MP: 0/13
  1856 | D:3      | Learned a level 5 spell: Lee's Rapid Deconstruction
  2099 | D:3      | Found a glowing golden altar of the Shining One.
  2212 | D:3      | Learned a level 2 spell: Passwall
  3932 | D:4      | Reached skill level 5 in Spellcasting
  4007 | D:4      | Reached skill level 5 in Conjurations
  4014 | D:4      | Gained mutation: Your mind is acute. (Int +2) [potion of beneficial mutation]
  4287 | D:4      | Reached skill level 5 in Earth Magic
  4287 | D:4      | Reached XP level 8. HP: 46/46 MP: 7/16
  4602 | D:5      | Entered Level 5 of the Dungeon
  5151 | D:5      | Found a runed door.
  5151 | D:5      | Noticed an angel
  5152 | D:5      | Found a glowing golden altar of the Shining One.
  5532 | D:5      | Found a faded altar of an unknown god.
  5532 | D:5      | Found a basalt altar of Yredelemnul.
  5537 | D:5      | Found a faded altar of an unknown god.
  5539 | D:5      | Found a faded altar of an unknown god.
  5541 | D:5      | Found a faded altar of an unknown god.
  5676 | D:5      | Became a worshipper of Warmaster Okawaru
  5676 | D:5      | Reached * piety under Okawaru
  5808 | D:5      | You fall through a shaft!
  6080 | D:6      | Found a sacrificial altar of Ru.
  6376 | D:6      | Noticed a seven-headed hydra
  6381 | D:6      | Slain by a seven-headed hydra

Skill      XL: |  1  2  3  4  5  6  7  8 |
---------------+-------------------------+-----
Earth Magic    | 4 5 6 |  6.6
Conjurations   | 4 5 |  5.8
Spellcasting   | 3 4 5 6 |  6.6
Fighting       | 1 2 3 |  3.3
Armour         | 1 |  1.9
Dodging        | |  1.5
Stealth        | |  2.1
Transmutations | |  0.7

Action                   |  1- 3 |  4- 6 |  7- 9 || total
-------------------------+-------+-------+-------++-------
Melee: Dagger            |       |     6 |    30 ||    36
       Quarterstaff      |       |       |    92 ||    92
 Cast: Sandblast         |    46 |    32 |    12 ||    90
       Stone Arrow       |       |     5 |   118 ||   123
       Passwall          |       |       |     1 ||     1
  Use: Scroll            |     4 |     4 |     2 ||    10
       Potion            |       |       |     4 ||     4
  Eat: Chunk             |     1 |     1 |    11 ||    13
       Beef jerky        |       |     1 |     1 ||     2
       Meat ration       |       |       |     1 ||     1
       Bread ration      |       |       |     1 ||     1
Armor: Robe              |    19 |     3 |    78 ||   100
Dodge: Dodged            |    38 |    11 |   131 ||   180
